 Dungeon Crawl Stone Soup version 0.28-b1-1-g3c77fb2 (webtiles) character file.

Game seed: 10215600195831889590

985 Host24 the Quickloader (level 8, 0/48 HPs)
             Began as a Kobold Hunter on Jan 29, 2022.
             Slain by a two-headed ogre (16 damage)
             ... on level 5 of the Dungeon.
             The game lasted 00:10:05 (5155 turns).

Host24 the Quickloader (Kobold Hunter)              Turns: 5155, Time: 00:10:06

Health: 0/48       AC:  5    Str: 12    XL:     8   Next: 41%
Magic:  8/8        EV: 15    Int: 12    God:
Gold:   193        SH:  4    Dex: 15    Spells: 7/7 levels left

rFire   . . .      SeeInvis .   m - +8 whip "Wuafuaqu" {flame, Will+}
rCold   . . .      Faith    .   h - +0 buckler
rNeg    . . .      Spirit   .   c - +0 leather armour
rPois   +          Reflect  .   k - +0 helmet
rElec   .          Harm     .   (no cloak)
rCorr   .          Rampage  .   (no gloves)
Will    .....                   f - +0 pair of boots
Stlth   +++.......              (no amulet)
HPRegen 0.16/turn               r - ring of poison resistance
MPRegen 0.11/turn               (no ring)

@: weak-willed
A: small, no large weapons, nightstalker 3
a: no special abilities


You were on level 5 of the Dungeon.
You visited 1 branch of the dungeon, and saw 5 of its levels.

You collected 193 gold pieces.

Inventory:

Hand Weapons
 a - a +1 hand crossbow
 m - the +8 whip "Wuafuaqu" (weapon) {flame, Will+}
   (You found it on level 2 of the Dungeon)

   It burns those it strikes, dealing additional fire damage.
   Will:      It increases your willpower.
 y - a +2 dagger of freezing
 z - a +0 hand axe of electrocution
Missiles
 d - 36 bolts
 g - 155 stones (quivered)
 o - 48 sling bullets
 w - 8 poisoned darts
 C - 20 arrows
Armour
 c - a +0 leather armour (worn)
 f - a +0 pair of boots (worn)
 h - a +0 buckler (worn)
 k - a +0 helmet (worn)
 p - a +0 cloak
Jewellery
 r - a ring of poison resistance (left hand)
Scrolls
 i - 4 scrolls of noise {unknown}
 j - 4 scrolls of identify {unknown}
 l - 4 scrolls of teleportation {unknown}
 n - 2 scrolls of fear {unknown}
 q - a scroll of enchant weapon {unknown}
Potions
 b - a potion of haste {unknown}
 e - a potion of attraction {unknown}
 s - a potion of brilliance {unknown}
 t - a potion of resistance {unknown}
 u - a potion of curing {unknown}
 v - a potion of might {unknown}
 A - a potion of lignification {unknown}
 B - a potion of invisibility {unknown}


   Skills:
 - Level 4.1 Fighting
 - Level 2.0 Maces & Flails
 + Level 8.8 Crossbows
 - Level 3.0 Armour
 - Level 5.0 Dodging
 - Level 1.3 Stealth


You had 7 spell levels left.
You didn't know any spells.
Your spell library contained the following spells:

 Spells                   Type           Power      Damage    Failure   Level
 Summon Small Mammal      Summ           0%         N/A       54%         1
 Corpse Rot               Necr/Air       0%         N/A       69%         2
 Call Canine Familiar     Summ           0%         N/A       89%         3
 Dazzling Flash           Conj/Hex       0%         N/A       89%         3
 Summon Guardian Golem    Hex/Summ       0%         N/A       89%         3
 Dispel Undead            Necr           0%         3d6       100%        4
 Agony                    Necr           0%         N/A       100%        5
 Silence                  Hex/Air        0%         N/A       100%        5
 Death Channel            Necr           0%         N/A       100%        6


Dungeon Overview and Level Annotations

Branches:
Dungeon (5/15)
 Temple: D:4-7

Altars:
Uskayaw
Vehumet
Beogh

Shops:
D:3 [


Innate Abilities, Weirdness & Mutations

You are small and have problems with some larger weapons.
You are completely attuned to the shadows.


Message History

You destroy the adder skeleton!
A goblin comes into view. It is wielding a +0 club.
The goblin shouts!
You whack the goblin! You burn the goblin.
You kill the goblin!
You see here a +0 club.
You see here a +0 club.
A giant cockroach comes into view.
The helpless giant cockroach fails to defend itself.
You hit the giant cockroach. You burn the giant cockroach.
You kill the giant cockroach!
You open the door.
There is an open door here.
You open the door.
There is an open door here.
You now have 193 gold pieces (gained 7).
A hobgoblin comes into view.
The hobgoblin shouts!
The hobgoblin closely misses you.
You hit the hobgoblin. You burn the hobgoblin.
You kill the hobgoblin!
You see here a hobgoblin corpse.
You see here a hobgoblin corpse.
You pick up a book of Callings and begin reading...
You add the spells Summon Small Mammal, Call Canine Familiar and Summon Guardian Golem to your library.
Done exploring.
Done exploring.
Things that are here:
a water moccasin skeleton; a hound skeleton
There is a stone staircase leading down here.
You climb downwards.
The two-headed ogre hits you with a +0 dire flail!!
The two-headed ogre hits you with a +0 giant club!
There is a stone staircase leading up, spattered with blood here.
Okay, then.
Okay, then.
As you read the scroll labelled LOGEVE BOAHOCIE, it crumbles to dust.
Magic quickly surges around you.
It was a scroll of vulnerability.
The two-headed ogre hits you with a +0 dire flail!
You die...

....................#.....##..#..
..#.................#.........#..
..##................#.....#......
....................#............
#.........................#####..
#..........>..##....##....#.....#
##............##..##.#...#.......
##.....................>.##[##...
#...........##..@.........)......
............####O......##.##.##..
#............###..#....####......
#...........##....#....## #......
..#.........#....###....###..##..
.##........##...........##...##.#
####..........#..........#.......
...###..###...#..................
†#.....#####.....................


You could see a two-headed ogre (weak-willed).

Vanquished Creatures
  A water moccasin (D:4)
  2 necrophages (D:5)
  An ogre (D:4)
  A kobold brigand (D:4)
  A scorpion (D:4)
  A bullfrog zombie (D:4)
  A gnoll shaman (D:5)
  4 hounds
  A centaur skeleton (D:4)
  2 iguanas (D:5)
  An orc wizard (D:4)
  A hound zombie (D:5)
  5 gnolls (D:5)
  5 adders
  An ufetubus (D:5)
  2 adder skeletons (D:4)
  4 worms
  3 dart slugs
  2 orcs (D:4)
  6 endoplasms
  5 giant cockroaches
  15 goblins
  8 hobgoblins
  4 jackals (D:1)
  7 kobolds
  A quokka (D:3)
  5 ball pythons
  4 bats
  2 frilled lizards
  5 rats
101 creatures vanquished.

Notes
Turn   | Place    | Note
-------+----------+-------------------------------------------
     0 | D:1      | Host24 the Kobold Hunter began the quest for the Orb.
     0 | D:1      | Reached XP level 1. HP: 12/12 MP: 1/1
   160 | D:1      | Reached skill level 5 in Crossbows
   215 | D:1      | Reached XP level 2. HP: 13/18 MP: 2/2
   685 | D:1      | Reached XP level 3. HP: 23/23 MP: 3/3
   844 | D:1      | Found a faded altar of an unknown god.
  1476 | D:2      | Identified the +8 whip "Wuafuaqu" {flame, Will+}
  1558 | D:2      | Found a hide-covered altar of Uskayaw.
  1800 | D:2      | Reached skill level 6 in Crossbows
  1800 | D:2      | Reached XP level 4. HP: 27/28 MP: 4/4
  2228 | D:3      | Found Gomuaj's Armour Shop.
  2701 | D:3      | Reached XP level 5. HP: 29/32 MP: 5/5
  3069 | D:4      | Reached skill level 7 in Crossbows
  3588 | D:4      | Noticed a kobold brigand
  3600 | D:4      | Killed a kobold brigand
  3601 | D:4      | Reached XP level 6. HP: 24/37 MP: 6/6
  3862 | D:4      | Reached skill level 5 in Dodging
  3937 | D:4      | Reached skill level 1 in Armour
  3937 | D:4      | Reached XP level 7. HP: 41/41 MP: 7/7
  4165 | D:4      | Noticed a water moccasin
  4244 | D:5      | Entered Level 5 of the Dungeon
  4436 | D:5      | Found a radiant altar of Vehumet.
  4547 | D:5      | Reached XP level 8. HP: 48/48 MP: 8/8
  4805 | D:5      | Noticed a two-headed ogre
  4894 | D:4      | Reached skill level 8 in Crossbows
  5155 | D:5      | Slain by a two-headed ogre

Illustrated notes

Levels and vault maps discovered:
D:1:      doesnt_arrival_eight_statues, layout_loops_ring,
          hellmonk_ecumenical_altar_defaced_shrine, kennysheep_nondescript,
          minmay_misc_feat_ornament
D:2:      layout_basic, basic_altar, hangedman_decor_lopped
D:3:      layout_loops_ring, serial_shops, nicolae_shop_crystal,
          minmay_goblin_outpost
D:4:      layout_basic, hangedman_minor_gate_pass
D:5:      layout_cave_pools, nicolae_vehumet_altar_sigil,
          mainiacjoe_overflow_alcove_4, minmay_temple_entry_drinking_statues

Skill      XL: |  1  2  3  4  5  6  7  8 |
---------------+-------------------------+-----
Crossbows      | 5 6 7 8 |  8.8
Fighting       | 3 4 |  4.1
Maces & Flails | 2 |  2.0
Dodging        | 3 5 |  5.0
Armour         | 1 2 3 |  3.0
Stealth        | |  1.3

Action                   |  1- 3 |  4- 6 |  7- 9 || total
-------------------------+-------+-------+-------++-------
Melee: Short sword       |   116 |       |       ||   116
       Whip              |    17 |    86 |    63 ||   166
 Fire: Hand crossbow     |       |    11 |    14 ||    25
  Use: Scroll            |       |       |     1 ||     1
 Stab: Sleeping          |     7 |    14 |     3 ||    24
       Distracted        |     1 |       |       ||     1
Armor: Leather armour    |    38 |    16 |    13 ||    67
Dodge: Dodged            |    95 |    38 |    53 ||   186
Block: Buckler           |    15 |    13 |    12 ||    40
